[Event "Early-Titled-Tuesday-Blitz-June-18-2024"]
[Site "Chess.com"]
[Date "2024.06.18"]
[Round "7"]
[White "Stanbad1"]
[Black "Savagelittlemole"]
[Result "1-0"]
[WhiteElo "2710"]
[BlackElo "2496"]
[TimeControl "180+1"]
[EndTime "9:17:05 PDT"]
[Termination "Stanbad1 won by resignation"]

1. d4 Nf6 2. Nc3 c5 3. d5 e6 4. e4 exd5 5. e5 Ne4 6. Nxd5 Be7 7. Qg4 Nxf2 8. Qxg7 Bf8 9. Qxh8 Nxh1 10. Nf6+ Ke7 11. Bg5 Qa5+ 12. c3 d5 13. Nxh7+ Kd7 14. Nxf8+ Kc7 15.
Ne6+ Kc6 16. Qxc8+ 1-0

[Event "Early-Titled-Tuesday-Blitz-June-18-2024"]
[Site "Chess.com"]
[Date "2024.06.18"]
[Round "7"]
[White "WiktoriaPOL"]
[Black "Arteler"]
[Result "1-0"]
[WhiteElo "2405"]
[BlackElo "2211"]
[TimeControl "180+1"]
[EndTime "9:17:07 PDT"]
[Termination "WiktoriaPOL won by resignation"]

1. c4 Nf6 2. Nc3 g6 3. g3 Bg7 4. Bg2 d6 5. e4 O-O 6. Nge2 Nc6 7.
O-O a6 8. d3 Rb8 9. f4 e5 10.
a4 exf4 11. Bxf4 Ng4 12. d4 Nf6 13. Qd2 Qe7 14. Bg5 h6 15. Nd5 Nxe4 16. Nxe7+ 1-0

[Event "Early-Titled-Tuesday-Blitz-June-18-2024"]
[Site "Chess.com"]
[Date "2024.06.18"]
[Round "7"]
[White "jamengrand"]
[Black "NovakRatko"]
[Result "0-1"]
[WhiteElo "2293"]
[BlackElo "2429"]
[TimeControl "180+1"]
[EndTime "9:17:14 PDT"]
[Termination "NovakRatko won by checkmate"]

1. e4 d5 2. exd5 c6 3. dxc6 Nxc6 4. Nc3 e5 5. Bb5 Bd6 6. Nf3 Ne7 7. d4 exd4 8. Nxd4 O-O 9. Nxc6 Nxc6 10. Bxc6 bxc6 11. Qh5 Re8+ 12. Be3 Bf4 13. O-O Bxe3 14. fxe3 Be6 15. Ne4 Qb6 16. Rf3 Bd5 17. Nf6+ gxf6 18. Rg3+ Kf8 19.
Rf1 Qxb2 20. Qh6+ Ke7 21. e4 Bxe4 22. c3 Kd7 23. Qxf6 Bd5 24. Rd3 Qxg2# 0-1

[Event "Early-Titled-Tuesday-Blitz-June-18-2024"]
[Site "Chess.com"]
[Date "2024.06.18"]
[Round "7"]
[White "SALVA-DALI"]
[Black "gafkens"]
[Result "1-0"]
[WhiteElo "2763"]
[BlackElo "2618"]
[TimeControl "180+1"]
[EndTime "9:17:27 PDT"]
[Termination "SALVA-DALI won by checkmate"]

1. e4 c5 2. Nc3 Nc6 3. Bb5 Nd4 4. Bc4 g6 5. Nge2 Bg7 6. O-O e6 7. Nxd4 cxd4 8. Nb5 Qb6 9. c3 Ne7 10. Nxd4 Bxd4 11.
cxd4 d5 12. exd5 exd5 13. Bb3 Qxd4 14. d3 O-O 15. Be3 Qf6 16. Re1 d4 17. Bh6 Re8 18. Ba4 Rd8 19. Qd2 Qd6 20. Bf4 Qa6 21. Rxe7 Qxa4 22.
Be5 Qc6 23. Qh6 f6 24. Qg7# 1-0

[Event "Early-Titled-Tuesday-Blitz-June-18-2024"]
[Site "Chess.com"]
[Date "2024.06.18"]
[Round "7"]
[White "Chessbard1972"]
[Black "N18player"]
[Result "1-0"]
[WhiteElo "2263"]
[BlackElo "2528"]
[TimeControl "180+1"]
[EndTime "9:17:29 PDT"]
[Termination "Chessbard1972 won by checkmate"]

1. e4 g6 2. d4 Bg7 3. Nc3 d6 4.
Be3 a6 5. a4 Nd7 6. Bc4 e6 7. Nge2 Ne7 8. Qd2 b6 9. Bh6 O-O 10. h4 Nf6 11. h5 d5 12. Bd3 Nxh5 13. g4 Nf6 14. Bxg7 Kxg7 15. Qh6+ Kh8 16. e5 Neg8 17. Qh4 Kg7 18. exf6+ Nxf6 19. Qh6+ Kg8 20. g5 Nh5 21. Rxh5 gxh5 22. Qxh7# 1-0

[Event "Early-Titled-Tuesday-Blitz-June-18-2024"]
[Site "Chess.com"]
[Date "2024.06.18"]
[Round "7"]
[White "Jeppesen08"]
[Black "Sofia_Blokhin"]
[Result "1-0"]
[WhiteElo "2453"]
[BlackElo "2306"]
[TimeControl "180+1"]
[EndTime "9:17:31 PDT"]
[Termination "Jeppesen08 won by resignation"]

1. e4 c5 2. d4 cxd4 3. c3 dxc3 4.
Nxc3 e6 5. Nf3 Nc6 6. Bc4 a6 7. O-O d6 8. Bf4 Nf6 9. Qd2 e5 10. Be3 b5 11. Bb3 b4 12. Nd5 Nxe4 13. Qc2 Nc5 14. Bxc5 dxc5 15. Rad1 Qa5 16. Ba4 Bd7 17.
Bxc6 Bxc6 18. Nxe5 Bb5 19. Qf5 Ra7 20. Qc8+ Qd8 21.
Nc7+ 1-0

[Event "Early-Titled-Tuesday-Blitz-June-18-2024"]
[Site "Chess.com"]
[Date "2024.06.18"]
[Round "7"]
[White "Defenstrator"]
[Black "CMButgood"]
[Result "1-0"]
[WhiteElo "2385"]
[BlackElo "2017"]
[TimeControl "180+1"]
[EndTime "9:17:31 PDT"]
[Termination "Defenstrator won by resignation"]

1. f4 e5 2. fxe5 d6 3. exd6 Bxd6 4. Nf3 g5 5. g3 g4 6. Nh4 Nf6 7. Bg2 Be6 8. O-O c6 9. d4 Nbd7 10. e4 Be7 11. Nc3 Qb6 12. Kh1 O-O-O 13. a4 Ne5 14. a5 Qxd4 15. Qe2 Bc4 16. Qe1 Bxf1 17. Qxf1 Nc4 18.
Nf5 Qd7 19. Qxc4 h5 20. a6 b5 21. Nxe7+ Qxe7 22. Qxc6+ 1-0

[Event "Early-Titled-Tuesday-Blitz-June-18-2024"]
[Site "Chess.com"]
[Date "2024.06.18"]
[Round "7"]
[White "harkerchess"]
[Black "Moon_stone123"]
[Result "0-1"]
[WhiteElo "2356"]
[BlackElo "2600"]
[TimeControl "180+1"]
[EndTime "9:17:33 PDT"]
[Termination "Moon_stone123 won by resignation"]

1. d4 c5 2. dxc5 e6 3. Nc3 Bxc5 4. Ne4 d5 5. Nxc5 Qa5+ 6. c3 Qxc5 7. Nf3 Nf6 8. Bf4 O-O 9. h3 Nc6 10. e3 Qe7 11.
Ne5 Nxe5 12. Bxe5 Nd7 13. Bg3 b6 14. Bd3 Bb7 15. O-O e5 16. Bc2 Nf6 17. Bb3 Rad8 18. Bh4 h6 19. Qf3 g5 20. Bg3 Ne4 21. Rad1 f5 22.
Bh2 Kg7 23. Qe2 Nc5 24. Bc2 Ba6 25. Qf3 Bxf1 26. Kxf1 Ne4 27. Qe2 Nf6 28. Bxf5 e4 29. c4 dxc4 30. Rc1 b5 31. g4 Rd5 32. a4 a6 33. axb5 axb5 34. b3 Rfd8 35. bxc4 Rd2 36. Qe1 b4 37. c5 b3 38. Bd6 R8xd6 39. cxd6 Qxd6 40. Rb1 b2 41. Kg2 Qd3 42. Qf1 Qxe3 43. Rd1 Qf3+ 0-1

[Event "Early-Titled-Tuesday-Blitz-June-18-2024"]
[Site "Chess.com"]
[Date "2024.06.18"]
[Round "7"]
[White "djano"]
[Black "ilqar_74"]
[Result "1-0"]
[WhiteElo "2658"]
[BlackElo "2824"]
[TimeControl "180+1"]
[EndTime "9:17:34 PDT"]
[Termination "djano won by resignation"]

1. e4 c5 2. Nc3 d6 3. f4 Nc6 4.
Nf3 g6 5. Bc4 Bg7 6. O-O Nd4 7.
d3 a6 8. a4 Bd7 9. Nxd4 cxd4 10. Ne2 Nf6 11. Qe1 b5 12. Bb3 O-O 13. a5 Rc8 14. f5 e6 15. Qh4 exf5 16. exf5 Nh5 17.
Bg5 Qc7 18. g4 Rce8 19. gxh5 Rxe2 20. hxg6 h6 21. Bxh6 Qb7 22. gxf7+ Rxf7 23. Bxf7+ Kxf7 24. Qh5+ 1-0

[Event "Early-Titled-Tuesday-Blitz-June-18-2024"]
[Site "Chess.com"]
[Date "2024.06.18"]
[Round "7"]
[White "Zampronha1971"]
[Black "ilovejokes555"]
[Result "1-0"]
[WhiteElo "2402"]
[BlackElo "2203"]
[TimeControl "180+1"]
[EndTime "9:17:37 PDT"]
[Termination "Zampronha1971 won by resignation"]

1. e4 c5 2. Nf3 d6 3. d4 cxd4 4. Nxd4 Nf6 5. Nc3 a6 6. Bg5 e6 7. f4 Be7 8. Qf3 Nbd7 9. O-O-O Qc7 10. Bd3 b5 11. Rhe1 Bb7 12. Qg3 Rc8 13. e5 dxe5 14. fxe5 Nh5 15. Qh4 Bxg5+ 16. Qxg5 g6 17. Bxb5 axb5 18.
Ndxb5 Qc6 19. Nd6+ Kf8 20. Nxc8 Bxc8 21. g4 h6 22. Qd8+ Kg7 23. Qe7 Nf4 24. Rxd7 Qxd7 25. Qf6+ Kh7 26. Qxf4 Rd8 27. Rf1 Kg7 28. h4 Ba6 29.
Qf6+ Kg8 30. Rd1 1-0

[Event "Early-Titled-Tuesday-Blitz-June-18-2024"]
[Site "Chess.com"]
[Date "2024.06.18"]
[Round "7"]
[White "Weifd"]
[Black "Fore_Man"]
[Result "0-1"]
[WhiteElo "2365"]
[BlackElo "2171"]
[TimeControl "180+1"]
[EndTime "9:17:40 PDT"]
[Termination "Fore_Man won by resignation"]

1. e4 c5 2. Nf3 g6 3. c3 d5 4. exd5 Qxd5 5. d4 cxd4 6. cxd4 Bg7 7. Nc3 Qd8 8. Bc4 Nf6 9. O-O O-O 10. h3 b6 11. Be3 Bb7 12. Rc1 Nd5 13. a3 Nxe3 14.
fxe3 Bh6 15. Qe2 Nd7 16. Rfd1 Rc8 17. Ba2 Nf6 18. Ne5 Kg7 19. Rc2 Nd5 20. Nxd5 Rxc2 21.
Qxc2 Bxd5 22. Bxd5 Bxe3+ 23. Kh1 Qxd5 24. Nf3 Rd8 25. Qa4 Rd7 26. Qb4 Bf4 27. Re1 e6 28. Qc3 Rc7 29. Qd3 Qc4 30. Qe3 Bxe3 0-1

[Event "Early-Titled-Tuesday-Blitz-June-18-2024"]
[Site "Chess.com"]
[Date "2024.06.18"]
[Round "7"]
[White "Hirna2005"]
[Black "AjedrezInteligente"]
[Result "0-1"]
[WhiteElo "2292"]
[BlackElo "2426"]
[TimeControl "180+1"]
[EndTime "9:17:49 PDT"]
[Termination "AjedrezInteligente won by resignation"]

1. e4 c6 2. Nc3 d5 3. Nf3 dxe4 4. Nxe4 Nf6 5. Qe2 Nxe4 6. Qxe4 Nd7 7. Bc4 Nf6 8. Ne5 e6 9. Qe2 Bd6 10. d4 Qc7 11. O-O O-O 12. Re1 a6 13. Bg5 b5 14. Bd3 Bxe5 15. dxe5 Nd5 16. Qh5 h6 17. Re4 f5 18. exf6 Nxf6 19. Bxf6 Rxf6 20. Rg4 Bd7 21.
Re1 Raf8 22. Rg6 Be8 23. Qg4 Bxg6 24. Bxg6 Qb6 25. Re2 Rxf2 26. Qxe6+ Kh8 27. Bf5 Rxe2+ 0-1

[Event "Early-Titled-Tuesday-Blitz-June-18-2024"]
[Site "Chess.com"]
[Date "2024.06.18"]
[Round "7"]
[White "Ati1517"]
[Black "ClauAmura"]
[Result "1-0"]
[WhiteElo "2043"]
[BlackElo "2367"]
[TimeControl "180+1"]
[EndTime "9:17:55 PDT"]
[Termination "Ati1517 won by resignation"]

1. e4 g6 2. d4 Bg7 3. Nf3 c5 4. dxc5 Qa5+ 5. c3 Qxc5 6. Be3 Qc7 7. Nbd2 d6 8. Be2 Nf6 9. O-O O-O 10. Nd4 a6 11. f3 b5 12. a4 bxa4 13. Rxa4 Bb7 14.
Nc4 Nbd7 15. Nb3 Nc5 16. Nxc5 dxc5 17. Ra5 Nd7 18. Qc2 Bc6 19. Rd1 Bb5 20. Ra3 Ne5 21.
Nxe5 Bxe5 22. g3 Bxg3 23. Bxb5 axb5 24. hxg3 Rxa3 25. bxa3 Qxg3+ 26. Qg2 Qe5 27. Rd5 Qxc3 28. Bxc5 e6 29. Bxf8 exd5 30. Bb4 Qc1+ 31. Qf1 Qg5+ 32. Qg2 Qc1+ 33. Kh2 dxe4 34. fxe4 Qf4+ 35. Kg1 Qc1+ 36. Qf1 Qg5+ 37. Kf2 Qf4+ 38. Kg1 Qxe4 39. Qxb5 Qe3+ 40.
Kf1 Qf3+ 41. Ke1 Qg3+ 42. Kd1 h5 43. Qe8+ Kg7 44. Bf8+ Kf6 45. Qe7+ Kf5 46. Qxf7+ Ke4 47. Qc4+ Kf5 48. Qf7+ Ke4 49. Qe6+ 1-0

[Event "Early-Titled-Tuesday-Blitz-June-18-2024"]
[Site "Chess.com"]
[Date "2024.06.18"]
[Round "7"]
[White "teresin05"]
[Black "ural58"]
[Result "0-1"]
[WhiteElo "2302"]
[BlackElo "2419"]
[TimeControl "180+1"]
[EndTime "9:17:56 PDT"]
[Termination "ural58 won by resignation"]

1. e4 d5 2. exd5 Qxd5 3. Nc3 Qa5 4. d4 Nf6 5. Nf3 Nc6 6. h3 Ne4 7. Bd2 Nxd2 8. Qxd2 e6 9. a3 Bb4 10. Bd3 O-O 11. O-O Bxc3 12. bxc3 Rd8 13. Rfe1 Bd7 14. Ng5 h6 15. Ne4 Ne7 16. Qf4 Nd5 17. Qg3 f5 18.
Nc5 Qxc3 19. Nxe6 Bxe6 20. Rxe6 Qxa1+ 21. Kh2 Qxd4 22. Bxf5 Qf4 23. Rg6 Qxg3+ 24. Kxg3 Ne7 25. Be6+ Kh8 26. Rg4 0-1

[Event "Early-Titled-Tuesday-Blitz-June-18-2024"]
[Site "Chess.com"]
[Date "2024.06.18"]
[Round "7"]
[White "SujanaLohani"]
[Black "maracayo"]
[Result "0-1"]
[WhiteElo "2257"]
[BlackElo "2413"]
[TimeControl "180+1"]
[EndTime "9:17:59 PDT"]
[Termination "maracayo won by checkmate"]

1. e4 d6 2. d4 Nf6 3. Nc3 c6 4. Nf3 Qa5 5. Bd3 e5 6. Bd2 Nbd7 7. O-O Qc7 8. Qe2 Be7 9. Nd1 b5 10. a4 bxa4 11. Rxa4 O-O 12. Ne3 Re8 13. Nf5 Bf8 14. Rfa1 Nb6 15. Ba5 Bxf5 16. dxe5 dxe5 17. exf5 Rad8 18.
Nd2 Nfd5 19. g3 f6 20. Nc4 Qc8 21. R4a2 Kh8 22. Be4 Bc5 23. c3 Rd7 24. Rd1 Nxc4 25. Qxc4 Ne3 26. Qxc5 Rxd1# 0-1

[Event "Early-Titled-Tuesday-Blitz-June-18-2024"]
[Site "Chess.com"]
[Date "2024.06.18"]
[Round "7"]
[White "AnishOnYoutube"]
[Black "nihalsarin"]
[Result "0-1"]
[WhiteElo "3072"]
[BlackElo "3196"]
[TimeControl "180+1"]
[EndTime "9:18:01 PDT"]
[Termination "nihalsarin won by resignation"]

1. e4 e6 2. d4 d5 3. Nc3 dxe4 4. Nxe4 Bd7 5. Nf3 Bc6 6. Bd3 Nd7 7. O-O Ngf6 8. Re1 Be7 9. Ned2 O-O 10. b3 b5 11.
Bb2 b4 12. a3 a5 13. axb4 axb4 14. Ne5 Bb7 15. Qe2 Nxe5 16. dxe5 Nd5 17. Qg4 Rxa1 18. Rd1 Rxd1+ 19. Qxd1 Qa8 20. Qg4 Nc3 21. h4 Rd8 0-1

[Event "Early-Titled-Tuesday-Blitz-June-18-2024"]
[Site "Chess.com"]
[Date "2024.06.18"]
[Round "7"]
[White "DarkAlekhine"]
[Black "Rile-Man"]
[Result "1-0"]
[WhiteElo "2748"]
[BlackElo "2531"]
[TimeControl "180+1"]
[EndTime "9:18:09 PDT"]
[Termination "DarkAlekhine won by resignation"]

1. e4 Nc6 2. d4 d6 3. Nc3 Nf6 4. d5 Nb8 5. Be2 c6 6. Nf3 g6 7.
O-O Bg7 8. h3 O-O 9. Re1 b6 10.
a4 Bb7 11. Bf1 Nbd7 12. dxc6 Bxc6 13. Nd4 Bb7 14. a5 bxa5 15. Nb3 Nc5 16. Nxc5 dxc5 17. Qxd8 Rfxd8 18. Rxa5 Nd7 19. f3 Bd4+ 20. Be3 Nb8 21. Nb5 Nc6 22. Ra2 Bxe3+ 23. Rxe3 Nd4 24. c3 Nxb5 25.
Bxb5 Rd1+ 26. Kf2 Rd2+ 27. Re2 Rxe2+ 28. Kxe2 e5 29. Bc4 Kf8 30. Ra5 Ke7 31. Rxc5 Kd6 32.
Ra5 f5 33. exf5 gxf5 34. Bd3 e4 35. fxe4 fxe4 36. Bc4 Bc6 37. Rh5 Rh8 38. b4 Be8 39. Rd5+ Kc6 40. Re5 Bg6 41. Re6+ Kd7 42. Ra6 Rc8 43.
Be6+ Kc7 44. Bxc8 1-0

[Event "Early-Titled-Tuesday-Blitz-June-18-2024"]
[Site "Chess.com"]
[Date "2024.06.18"]
[Round "7"]
[White "Resignify"]
[Black "CFalcons8"]
[Result "0-1"]
[WhiteElo "2302"]
[BlackElo "2447"]
[TimeControl "180+1"]
[EndTime "9:18:10 PDT"]
[Termination "CFalcons8 won by resignation"]

1. e4 c5 2. Nc3 d6 3. g3 Nf6 4. Bg2 g6 5. d3 Bg7 6. f4 Nbd7 7. Nf3 Rb8 8. h3 b5 9. g4 O-O 10. O-O b4 11. Ne2 a5 12. Qe1 Bb7 13. Qh4 c4 14. f5 cxd3 15. cxd3 Ne5 16. g5 Nh5 17. Nxe5 dxe5 18.
Rf3 f6 19. fxg6 hxg6 20. Bd2 f5 21. Rxf5 Rxf5 22. exf5 Bxg2 23. fxg6 Bf3 24. Ng3 Qd4+ 25. Kh2 Qxh4 0-1

[Event "Early-Titled-Tuesday-Blitz-June-18-2024"]
[Site "Chess.com"]
[Date "2024.06.18"]
[Round "7"]
[White "alexrustemov"]
[Black "Msb2"]
[Result "0-1"]
[WhiteElo "2863"]
[BlackElo "3058"]
[TimeControl "180+1"]
[EndTime "9:18:11 PDT"]
[Termination "Msb2 won by resignation"]

1. d4 d5 2. c4 e6 3. cxd5 exd5 4. Nc3 Bb4 5. Bf4 c5 6. e3 c4 7. Nf3 Nc6 8. Be2 Nf6 9. O-O O-O 10. Ne5 Bf5 11. Rc1 Bxc3 12. Nxc6 bxc6 13. Rxc3 Qa5 14. Qa1 Rfe8 15. h3 h6 16. Rfc1 Ne4 17. R3c2 Ng5 18. Rc3 Ne6 19. Be5 f6 20. Bg3 Nxd4 21. Bxc4 Nc2 22.
R3xc2 Bxc2 23. Bxd5+ cxd5 24. Rxc2 Rac8 25. Rxc8 Rxc8 26.
Kh2 Qd2 27. a4 Rc1 28. Qa3 Qe1 29. Bh4 Qh1+ 30. Kg3 Rg1 0-1

[Event "Early-Titled-Tuesday-Blitz-June-18-2024"]
[Site "Chess.com"]
[Date "2024.06.18"]
[Round "7"]
[White "MeesvanOsch"]
[Black "Masterisback04"]
[Result "1-0"]
[WhiteElo "2327"]
[BlackElo "2101"]
[TimeControl "180+1"]
[EndTime "9:18:14 PDT"]
[Termination "MeesvanOsch won on time"]

1. e4 c5 2. Nf3 Nc6 3. d4 cxd4 4.
Nxd4 e5 5. Nb5 d6 6. N1c3 a6 7. Na3 b5 8. Nd5 Nge7 9. Bg5 f6 10. Bxb5 axb5 11. Nxb5 Nxd5 12. Qxd5 Ra6 13. Be3 Ne7 14.
Qc4 Rc6 15. Qb3 d5 16. O-O-O Be6 17. exd5 Nxd5 18. Kb1 Be7 19. c4 Bf5+ 20. Ka1 Nxe3 21. Rxd8+ Bxd8 22. Qxe3 O-O 23. Qf3 Be6 24. Qxc6 1-0

[Event "Early-Titled-Tuesday-Blitz-June-18-2024"]
[Site "Chess.com"]
[Date "2024.06.18"]
[Round "7"]
[White "esskeettit"]
[Black "Adrian-thorsen"]
[Result "1-0"]
[WhiteElo "2507"]
[BlackElo "2326"]
[TimeControl "180+1"]
[EndTime "9:18:15 PDT"]
[Termination "esskeettit won by resignation"]

1. d4 e6 2. c4 b6 3. Nf3 Bb7 4. a3 f5 5. Nc3 Nf6 6. e3 Be7 7. Be2 O-O 8. O-O d6 9. b4 Qe8 10. Bb2 Qh5 11. d5 exd5 12. cxd5 Qg6 13. Nd4 Ne4 14.
Ne6 Rc8 15. Nxe4 fxe4 16. Bh5 Qh6 17. Bxg7 Qxg7 18. Nxg7 Kxg7 19. Qg4+ Kh8 20. Qxe4 Bf6 21. Rac1 Nd7 22. Bg4 Rd8 23. Bxd7 Rxd7 24. Qe6 1-0

[Event "Early-Titled-Tuesday-Blitz-June-18-2024"]
[Site "Chess.com"]
[Date "2024.06.18"]
[Round "7"]
[White "Chessgod9oninsta"]
[Black "HajiyevKanan"]
[Result "0-1"]
[WhiteElo "2736"]
[BlackElo "2535"]
[TimeControl "180+1"]
[EndTime "9:18:16 PDT"]
[Termination "HajiyevKanan won by resignation"]

1. b3 a6 2. Bb2 b5 3. Nf3 Bb7 4.
g3 Nf6 5. Bg2 e6 6. O-O Be7 7.
d3 O-O 8. Nbd2 c5 9. e4 d5 10.
Re1 dxe4 11. Nxe4 Nc6 12. Bxf6 Bxf6 13. Nxc5 Bxa1 14. Nxb7 Qc7 15. Qxa1 Nb4 16. Nd4 Rab8 17. c3 Nxd3 18. Re3 Ne5 19. Na5 Ng4 20. Re4 Nf6 21. Nac6 Nxe4 22. Nxb8 Nxc3 23. Nxa6 Qc8 24. Nb4 Qc5 25.
Nd3 Qxd4 26. Qf1 Rd8 27. h4 Qxd3 0-1

[Event "Early-Titled-Tuesday-Blitz-June-18-2024"]
[Site "Chess.com"]
[Date "2024.06.18"]
[Round "7"]
[White "HelenaWalker2912"]
[Black "Gumugama"]
[Result "1-0"]
[WhiteElo "2415"]
[BlackElo "2265"]
[TimeControl "180+1"]
[EndTime "9:18:17 PDT"]
[Termination "HelenaWalker2912 won by resignation"]

1. d4 Nf6 2. c4 g6 3. Nc3 Bg7 4. e4 d6 5. h3 O-O 6. Be3 e5 7. d5 a5 8. g4 Na6 9. Nge2 Nc5 10. Ng3 Ne8 11. Qd2 f5 12. gxf5 gxf5 13. exf5 Bxf5 14.
Nxf5 Rxf5 15. O-O-O Kh8 16. Kb1 a4 17. h4 Qb8 18. h5 c6 19. h6 Bf6 20. Bh3 Rf3 21.
Bg4 Rxe3 22. Qxe3 b5 23. cxb5 cxb5 24. Ne4 Nxe4 25. Qxe4 a3 26. Be6 Ra4 27. Rhg1 Nc7 28. Qf3 Rf4 29. Qxa3 Rxf2 30. Qg3 Nxe6 31. Qxf2 Nf4 32.
Qc2 b4 33. Rc1 1-0

[Event "Early-Titled-Tuesday-Blitz-June-18-2024"]
[Site "Chess.com"]
[Date "2024.06.18"]
[Round "7"]
[White "Silent-Killer100"]
[Black "rachidhuilda"]
[Result "1-0"]
[WhiteElo "2575"]
[BlackElo "2409"]
[TimeControl "180+1"]
[EndTime "9:18:21 PDT"]
[Termination "Silent-Killer100 won by resignation"]

1. Nf3 d5 2. b3 Nf6 3. Bb2 Bf5 4.
d3 c5 5. g3 Nc6 6. Bg2 e6 7.
O-O Be7 8. Nbd2 O-O 9. Re1 d4 10. e4 dxe3 11. Rxe3 h6 12. Ne5 Nxe5 13. Bxe5 Nd5 14.
Re1 Bf6 15. Bxf6 Qxf6 16. Ne4 Qe7 17. Qf3 Rfd8 18. Nd2 Rd7 19. Nc4 Rad8 20. Re2 b6 21. Rae1 Qf6 22. a4 Qg5 23. Ne5 Rc7 24. h4 Qe7 25.
Nc4 Nf6 26. Qxf5 exf5 27. Rxe7 1-0

[Event "Early-Titled-Tuesday-Blitz-June-18-2024"]
[Site "Chess.com"]
[Date "2024.06.18"]
[Round "7"]
[White "AlexanderKing"]
[Black "ReadySkate"]
[Result "1-0"]
[WhiteElo "2543"]
[BlackElo "2793"]
[TimeControl "180+1"]
[EndTime "9:18:22 PDT"]
[Termination "AlexanderKing won by resignation"]

1. e4 c5 2. c3 d5 3. exd5 Qxd5 4.
d4 Nc6 5. Nf3 Bf5 6. Be3 Nf6 7.
c4 Qd8 8. d5 Nb4 9. Na3 e6 10.
Nh4 Bg4 11. Be2 Bxe2 12. Qxe2 Nfxd5 13. cxd5 Qxh4 14. Qb5+ Kd8 15. Qxb7 Rc8 16. dxe6 fxe6 17. Rd1+ Nd5 18. O-O Bd6 19. g3 Qh3 20. Rxd5 exd5 21.
Bg5+ Ke8 22. Qxg7 Qe6 23. Qxh8+ Kd7 24. Qf6 Qe4 25. Nb5 Be7 26. Qxe7+ Qxe7 27. Bxe7 Kxe7 28. b3 a6 29. Nc3 Kd6 30. Rd1 d4 31. Ne4+ Kd5 32.
Nd2 Re8 33. Kf1 d3 34. Nf3 Ke4 35. Re1+ Kxf3 36. Rxe8 d2 37. Rd8 1-0

[Event "Early-Titled-Tuesday-Blitz-June-18-2024"]
[Site "Chess.com"]
[Date "2024.06.18"]
[Round "7"]
[White "Zq1"]
[Black "PapaieDudu"]
[Result "0-1"]
[WhiteElo "2491"]
[BlackElo "2351"]
[TimeControl "180+1"]
[EndTime "9:18:25 PDT"]
[Termination "PapaieDudu won by resignation"]

1. d4 d5 2. c4 e6 3. Nc3 Nf6 4. Nf3 a6 5. c5 c6 6. Bf4 Nh5 7.
Bg5 f6 8. Bd2 g5 9. e4 Ng7 10.
e5 h6 11. exf6 Qxf6 12. h3 Nd7 13. Be2 Nf5 14. O-O Bg7 15. Be3 O-O 16. Nh2 Nxd4 17.
Bh5 Nf5 18. Ng4 Qe7 19. Bd2 Nxc5 20. Re1 e5 21. Nxd5 cxd5 22. Bb4 Qd6 23. Rc1 b6 24. Qe2 Nd4 25. Qe3 Bxg4 26. hxg4 a5 27. Ba3 Rf4 28.
g3 Rf3 29. Qd2 Rxg3+ 30. Kf1 Rg1+ 0-1

[Event "Early-Titled-Tuesday-Blitz-June-18-2024"]
[Site "Chess.com"]
[Date "2024.06.18"]
[Round "7"]
[White "DenLaz"]
[Black "edgarhay012"]
[Result "1-0"]
[WhiteElo "3079"]
[BlackElo "2686"]
[TimeControl "180+1"]
[EndTime "9:18:26 PDT"]
[Termination "DenLaz won by resignation"]

1. d4 Nf6 2. c4 e6 3. Nf3 d5 4. g3 Be7 5. Bg2 O-O 6. O-O Nbd7 7. Qc2 Ne4 8. Nc3 Nxc3 9. Qxc3 c6 10. b3 f5 11. a4 Nf6 12. Ba3 Ne4 13. Qc2 Bxa3 14. Rxa3 Qe7 15. Raa1 Bd7 16. a5 Be8 17. Ne5 h5 18. Rfc1 h4 19. e3 g5 20. a6 b6 21.
cxd5 cxd5 22. Qc7 Qb4 23. Qb7 Rd8 24. Rc7 Nf6 25. Rg7+ Kh8 26. Rxg5 Rg8 27. Rxg8+ Kxg8 28. Qxa7 f4 29. gxf4 Qc3 30. Rf1 Kh8 31. Qe7 1-0

[Event "Early-Titled-Tuesday-Blitz-June-18-2024"]
[Site "Chess.com"]
[Date "2024.06.18"]
[Round "7"]
[White "karinachess1"]
[Black "EdenDzung06"]
[Result "1-0"]
[WhiteElo "2667"]
[BlackElo "2440"]
[TimeControl "180+1"]
[EndTime "9:18:26 PDT"]
[Termination "karinachess1 won by resignation"]

1. d4 Nf6 2. c4 e6 3. Nc3 Bb4 4. a3 Bxc3+ 5. bxc3 b6 6. f3 Ba6 7.
e4 O-O 8. Bg5 h6 9. Bh4 g5 10. Bf2 Nc6 11. h4 Na5 12. hxg5 hxg5 13. e5 Ne8 14. Qc2 f5 15. exf6 Rxf6 16. Qh7+ Kf8 17.
Qh8+ Ke7 18. Be3 Nd6 19. Qg7+ Nf7 20. Bxg5 Kd6 21. Bxf6 Qg8 22. c5+ bxc5 23. Bxa6 1-0

[Event "Early-Titled-Tuesday-Blitz-June-18-2024"]
[Site "Chess.com"]
[Date "2024.06.18"]
[Round "7"]
[White "ChristopherYoo"]
[Black "Puzzlebot_1294"]
[Result "1-0"]
[WhiteElo "3013"]
[BlackElo "2677"]
[TimeControl "180+1"]
[EndTime "9:18:29 PDT"]
[Termination "ChristopherYoo won by checkmate"]

1. h4 h5 2. e4 e5 3. Nf3 Nc6 4. Bc4 Bc5 5. Ng5 Nh6 6. Qxh5 Qf6 7. Nf3 d6 8. Nc3 Bg4 9. Qg5 Bxf3 10.
Qxf6 gxf6 11. gxf3 Nd4 12. Kd1 Nxf3 13. Be2 Ng4 14. Bxf3 Nxf2+ 15. Ke2 Nxh1 16. Bxh1 Rxh4 17. Bg2 Rh2 18. Kf3 Kd7 19. Nd5 Rh6 20. d4 Rg6 21. dxc5 c6 22. Bh3+ Kd8 23. Ne3 dxc5 24. Nf5 Kc7 25.
Be3 Rh8 26. Bg4 b6 27. Ne7 Rg7 28. Rd1 Rd8 29. Rxd8 Kxd8 30. Nxc6+ Kc7 31. Nxa7 Rh7 32. Nb5+ Kc6 33. Nc3 Rh2 34. Ne2 Rh1 35. c4 Ra1 36. Nc3 Rf1+ 37. Kg2 Re1 38. Bd2 Ra1 39. Bh5 Kd6 40.
Bxf7 Kc6 41. Be8+ Kd6 42. Ba4 Ke6 43. Bc2 Kd6 44. Bb1 Ke6 45. Kf3 Kf7 46. Kg4 Kg6 47.
Kh4 Kg7 48. Kh5 Kh7 49. b3 Kg7 50. Bc1 f5 51. exf5 Kf6 52. Kg4 e4 53. Nxe4+ Ke5 54. Bb2# 1-0

[Event "Early-Titled-Tuesday-Blitz-June-18-2024"]
[Site "Chess.com"]
[Date "2024.06.18"]
[Round "7"]
[White "romulocardoso"]
[Black "CristianS27"]
[Result "0-1"]
[WhiteElo "2326"]
[BlackElo "2480"]
[TimeControl "180+1"]
[EndTime "9:18:33 PDT"]
[Termination "CristianS27 won by resignation"]

1. e4 e5 2. Nf3 d5 3. exd5 e4 4.
Qe2 Nf6 5. Nc3 Be7 6. Nxe4 O-O 7. d3 Nxd5 8. Bd2 Re8 9. O-O-O f5 10. Nc3 Nxc3 11. Bxc3 Bg5+ 12. Nxg5 Rxe2 13. Bxe2 Qxg5+ 14. Kb1 Nc6 15. h4 Qd8 16. d4 Be6 17. d5 Bxd5 18. Bf3 Ne7 19. Bb4 c6 20. c4 Qb6 21. Bxe7 Bxf3 22.
gxf3 Qxf2 23. Rhg1 Qxf3 24. Bf6 Qxd1+ 25. Rxd1 gxf6 26. Rd7 f4 27. Rd4 Kf7 28. Rxf4 Re8 29. Rd4 Re7 30. h5 f5 31. Rd6 Re6 32. Rd7+ Re7 33.
Rd6 Re4 34. Rd7+ Kf6 35. Rxh7 f4 36. Kc2 f3 37. Rh8 Kg7 0-1

[Event "Early-Titled-Tuesday-Blitz-June-18-2024"]
[Site "Chess.com"]
[Date "2024.06.18"]
[Round "7"]
[White "Alphafischer2019"]
[Black "Eliwood44"]
[Result "1-0"]
[WhiteElo "2633"]
[BlackElo "2475"]
[TimeControl "180+1"]
[EndTime "9:18:34 PDT"]
[Termination "Alphafischer2019 won by resignation"]

1. Nf3 d5 2. g3 Nf6 3. Bg2 g6 4.
c4 c6 5. b3 Bg7 6. Bb2 O-O 7.
O-O Na6 8. d4 Bf5 9. Nc3 Ne4 10.
Ne5 Nxc3 11. Bxc3 Be6 12. Re1 Bxe5 13. dxe5 dxc4 14. bxc4 Bxc4 15. Qb1 Rb8 16. h4 Be6 17. h5 Nc7 18. Qc1 Nd5 19. Bd2 Kh8 20. Bh6 Rg8 21. e4 Nb4 22. Rd1 Qc8 23. Qc5 gxh5 24. Qxb4 Rg6 25. Bf4 h4 26. Qxe7 hxg3 27. Bxg3 Qg8 28. Rd6 Qg7 29. Rad1 Rg8 30. Rd8 Qh6 31. Rxg8+ Rxg8 32.
Rd8 Qc1+ 33. Bf1 Rxd8 34. Qxd8+ Kg7 35. Qf6+ Kg8 36. Bf4 Qd1 37. Qd8+ Kg7 38. Qxd1 1-0